 Seeded DCSS version 0.29.1-4-g47bece8355 (webtiles) character file.

Game seed: 15482173601955151116 (custom seed)

68 kingsuperguy the Covered (level 4, -6/41 HPs)
             Began as a Minotaur Fighter on Dec 7, 2022.
             Killed by divine providence
             ... invoked by an orc priest
              (14 damage)
             ... on level 4 of the Dungeon.
             The game lasted 00:01:40 (1835 turns).

kingsuperguy the Covered (Minotaur Fighter)         Turns: 1835, Time: 00:01:41

Health: -6/41      AC:  7    Str: 23    XL:     4   Next: 1%
Magic:  3/3        EV:  9    Int:  5    God:
Gold:   101        SH:  4    Dex:  9    Spells: 3/3 levels left

rFire   . . .      SeeInvis .   a - +0 war axe
rCold   . . .      Faith    .   c - +0 buckler
rNeg    . . .      Spirit   .   b - +0 scale mail
rPois   .          Reflect  .   (helmet restricted)
rElec   .          Harm     .   (no cloak)
rCorr   .          Rampage  .   (no gloves)
Will    .....                   (no boots)
Stlth   ..........              (no amulet)
HPRegen 0.13/turn               (no ring)
MPRegen 0.08/turn               (no ring)

@: no status effects
A: horns 2, retaliatory headbutt
a: no special abilities


You were on level 4 of the Dungeon.
You visited 1 branch of the dungeon, and saw 3 of its levels.

You collected 101 gold pieces.

Inventory:

Hand Weapons
 a - a +0 war axe (weapon)
Missiles
 n - 5 javelins (quivered)
Armour
 b - a +0 scale mail (worn)
 c - a +0 buckler (worn)
Jewellery
 e - a +6 ring of intelligence
 k - a +6 ring of intelligence
 m - an amulet of the acrobat
Scrolls
 f - 2 scrolls of identify {unknown}
 h - a scroll of enchant weapon {unknown}
Potions
 d - 2 potions of might
 g - a potion of resistance {unknown}
 i - a potion of heal wounds {unknown}
 j - 3 potions of curing {unknown}
 l - a potion of haste {unknown}


   Skills:
 + Level 4.3 Fighting
 + Level 3.3 Axes
 + Level 4.3 Armour
 + Level 4.3 Shields


You had 3 spell levels left.
You didn't know any spells.
Your spell library contained the following spells:

 Spells                   Type           Power      Damage    Failure   Level
 Ozocubu's Armour         Ice            0%         N/A       99%         3
 Ozocubu's Refrigeration  Ice            0%         4d7       100%        7


Dungeon Overview and Level Annotations

Branches:
Dungeon (4/15)
 Temple: D:4-7

Altars:


Innate Abilities, Weirdness & Mutations

You have a pair of horns on your head.
You reflexively headbutt those who attack you in melee.


Message History

No target in view!
j - 3 white potions (gained 1)
You now have 90 gold pieces (gained 8).
You now have 101 gold pieces (gained 11).
An orc priest comes into view. It is wielding a +0 trident.
The orc priest shouts!
An orc priest is nearby!
An orc priest is nearby!
An orc priest is nearby!
You see here a +4 ring of evasion.
The orc priest hits you with a +0 trident.
You hit the orc priest but do no damage.
The orc priest hits you but does no damage.
You closely miss the orc priest. Your headbutt misses the orc priest.
The orc priest casts a cantrip, but nothing happens.
You barely miss the orc priest.
The orc priest calls down the wrath of Beogh upon you.
Pain shoots through your body!
The orc priest hits you with a +0 trident.
You completely miss the orc priest. The orc priest closely misses you.
You slash the orc priest!
The orc priest is almost dead.
You block the orc priest's attack.
The orc priest hits you with a +0 trident.
You are too injured to fight recklessly!
You are too injured to fight recklessly!
You are too injured to fight recklessly!
You are too injured to fight recklessly!
You are too injured to fight recklessly!
You are too injured to fight recklessly!
You are too injured to fight recklessly!
You are too injured to fight recklessly!
You are too injured to fight recklessly!
You are too injured to fight recklessly!
The orc priest calls down the wrath of Beogh upon you.
Beogh smites you!
* * * LOW HITPOINT WARNING * * *
The orc priest mumbles some strange prayers to Beogh against you.
Beogh smites you!
You die...

.......#..#
.###...#..# .###+# .#
#...#..# ...... .#
#......########......
.#
#....................
.#
#....................
#.##..............#
#..........=.o....#
####.........@....#
#..............#
#..............#
##.############# #.
.. #


You could see an orc priest.

Vanquished Creatures
  2 adders (D:2)
  A worm (D:2)
  A dart slug (D:1)
  An orc (D:4)
  4 ball pythons
  5 bats
  2 giant cockroaches
  3 hobgoblins
  2 jackals (D:4)
  A quokka (D:4)
  4 frilled lizards (D:1)
  7 goblins
  5 kobolds
  6 rats
44 creatures vanquished.

Notes
Turn   | Place    | Note
-------+----------+-------------------------------------------
     0 | D:1      | kingsuperguy the Minotaur Fighter began the quest for the
                  | Orb.
     0 | D:1      | Reached XP level 1. HP: 19/19 MP: 0/0
   229 | D:1      | Reached XP level 2. HP: 27/27 MP: 1/1
   886 | D:2      | Reached XP level 3. HP: 26/33 MP: 2/2
  1314 | D:2      | Found a faded altar of an unknown god.
  1735 | D:2      | You fall into a shaft and drop 2 floors!
  1799 | D:4      | Reached XP level 4. HP: 41/41 MP: 3/3
  1835 | D:4      | Killed from afar by an orc priest

Illustrated notes

Levels and vault maps discovered:
D:1:      sevenhm_arrival_forest_fort_small_3, layout_basic
D:2:      layout_loops_cross, serial_forest, infiniplex_forest_end_3,
          infiniplex_forest_clump_small, infiniplex_forest_lined_2,
          infiniplex_forest_end_1, infiniplex_forest_lined_corner,
          nicolae_ecumenical_pavilion
D:4:      layout_basic, kennysheep_mini, minitemple

Skill      XL: |  1  2  3 |
---------------+----------+-----
Fighting       | 4 |  4.3
Armour         | 4 |  4.3
Shields        | 4 |  4.3
Axes           | 3 |  3.3

Action                   |  1- 3 |  4- 6 || total
-------------------------+-------+-------++-------
Melee: War axe           |    98 |     5 ||   103
       Headbutt          |    13 |       ||    13
Armor: Scale mail        |    54 |     1 ||    55
Dodge: Dodged            |    50 |     1 ||    51
Block: Buckler           |    21 |     1 ||    22
